 Dungeon Crawl Stone Soup version bcrawl-1.14 (webtiles) character file.

Game seed: 8266912545185182894

168 MisterOstroum the Poker (level 5, -5/34 HPs)
             Began as a Skeleton Reaver on Sept 6, 2019.
             Was a Follower of Vehumet.
             Killed by divine providence
             ... invoked by an orc priest
              (10 damage)
             ... on level 3 of the Dungeon.
             The game lasted 00:05:07 (3113 turns).

MisterOstroum the Poker (Skeleton Reaver)           Turns: 3113, Time: 00:05:07

Health: -5/34      AC:  7    Str: 18 (19) XL:     5   Next: 24%
Magic:  0/9        EV: 12    Int: 12      God:    Vehumet [*.....]
Gold:   235        SH:  4    Dex:  7      Spells: 9/10 levels left

rFire    . . .     SeeInvis .   a - +0 trident
rCold    + . .     Gourm    .   l - +0 buckler
rNeg     + + +     Faith    .   b - +0 steam dragon scales
rPois    ∞         Spirit   +   (no helmet)
rElec    .         Reflect  .   k - +0 cloak
rCorr    .         Harm     .   (no gloves)
MR       .....                  i - +0 pair of boots
Stlth    +.........             (no amulet)
HPRegen  0.11/turn              (no ring)
MPRegen  0.11/turn              (no ring)

@: very slightly contaminated
A: no food or potions, cold resistance 1, deterioration 1, negative energy
resistance 3, torment resistance, unbreathing, magic shield, sturdy frame 1,
spell healing
a: Renounce Religion


You were on level 3 of the Dungeon.
You worshipped Vehumet.
Vehumet was aware of your devotion.
You were not hungry.

You visited 1 branch of the dungeon, and saw 3 of its levels.

You collected 235 gold pieces.

Inventory:

Hand Weapons
 a - a +0 trident (weapon)
 g - a +0 spear
 m - a +0 dagger of venom
Missiles
 e - 1038 stones (quivered)
Armour
 b - +0 steam dragon scales (worn)
 i - a +0 pair of boots (worn)
 k - a +0 cloak (worn)
 l - a +0 buckler (worn)
 o - a +0 helmet
Jewellery
 d - a +6 ring of intelligence {unknown}
Scrolls
 c - 2 scrolls of immolation
 f - 6 scrolls of identify {unknown}
 h - 2 scrolls of remove curse {unknown}
 j - a scroll of teleportation {unknown}
 n - a scroll of amnesia {unknown}
 p - 2 scrolls of enchant armour {unknown}


   Skills:
 + Level 4.4 Fighting
 + Level 4.8 Polearms
 - Level 3.0 Dodging
 * Level 3.0 Shields
 - Level 3.0 Spellcasting
 + Level 1.0 Conjurations


You had 9 spell levels left.
You knew the following spells:

 Your Spells              Type           Power        Failure   Level  Hunger
a - Flame Tongue          Conj/Fire      #....        22%         1    N/A

Your spell library contained the following spells:

 Spells                   Type           Power        Failure   Level  Hunger
 Iskenderun's Battlesphe  Conj/Chrm      #.......     99%         5    N/A

Dungeon Overview and Level Annotations

Branches:
Dungeon (3/12)

Altars:
Lugonu
Trog


Innate Abilities, Weirdness & Mutations

You do not eat or drink.
You are immune to poison.
Your flesh is cold resistant. (rC+)
Your body sometimes deteriorates upon taking damage.
You are immune to negative energy. (rN+++)
You are immune to unholy pain and torment.
You can survive without breathing.
When hurt, damage is shared between your health and your magic reserves.
Your movements are slightly less encumbered by armour. (ER -2)
Casting spells heals you.


Message History

You hit the adder.
The adder is severely wounded.
The adder barely misses you. x2
You puncture the adder!
You kill the adder!
Vehumet accepts your kill.
Your Shields skill increases to level 3!
Your Conjurations skill increases to level 1!
No target in view!
You see here an adder corpse.
You see here a fizzy emerald potion.
Your magical contamination has completely faded away.
Items here: ! )) [ ÷ a +0 short sword; a +0 animal skin; an emerald potion; a +0 club the hobgoblin skeleton of Robin You see here a cursed -3 club.
You see here a +0 dagger.
You see here a +0 dagger.
Things that are here:
a +0 dagger x3
You see here a +0 chain mail.
An orc, an orc priest, an orc wizard and a hungry ghost come into view.
The orc priest shouts!
The orc wizard shouts!
You hear a shout!
The orc moves out of view.
Found 155 arrows.
An orc comes into view. It is wielding a +0 flail.
There are monsters nearby!
There are monsters nearby!
There are monsters nearby!
There are monsters nearby!
There are monsters nearby!
Casting: Flame Tongue (safe; 22% risk of failure)
Confirm with . or Enter, or press ? or * to list all spells.
Aiming: Flame Tongue (safe; 22% risk of failure)
Press: ? - help, Shift-Dir - straight line, f - orc priest
Aim: an orc priest, wielding a +0 short sword and wearing a +0 scale mail The flame tongue hits the orc priest.
The orc priest appears unharmed.
Casting: Flame Tongue (safe; 22% risk of failure)
Confirm with . or Enter, or press ? or * to list all spells.
Aiming: Flame Tongue (safe; 22% risk of failure)
Press: ? - help, Shift-Dir - straight line, f/p - orc priest
Aim: an orc priest, wielding a +0 short sword and wearing a +0 scale mail The flame tongue hits the orc priest.
The orc priest appears unharmed.
The orc priest hits you with a +0 short sword.
You hit the orc priest but do no damage.
The orc priest hits you but does no damage.
The orc wizard gestures wildly while chanting.
The orc wizard flickers and vanishes!
Deactivating autopickup; reactivate with Ctrl-A.
You puncture the orc priest!
The orc priest is severely wounded.
The orc priest hits you with a +0 short sword.
You hit the orc priest.
The orc priest is almost dead.
The orc priest barely misses you.
You hit the orc priest but do no damage.
The orc priest is almost dead.
The orc priest hits you with a +0 short sword.
You completely miss the orc priest.
The orc priest is almost dead.
The orc priest mumbles some strange prayers to Beogh against you.
Beogh smites you!
You hear some strange, mumbled words.
You hit the orc priest but do no damage.
The orc priest is almost dead.
The orc priest calls down the wrath of Beogh upon you.
Beogh smites you!
Casting: Flame Tongue (safe; 22% risk of failure)
Confirm with . or Enter, or press ? or * to list all spells.
Aiming: Flame Tongue (safe; 22% risk of failure)
Press: ? - help, Shift-Dir - straight line, f/p - orc priest
Aim: an orc priest, wielding a +0 short sword and wearing a +0 scale mail (almost dead)
The flame tongue hits the orc priest.
The orc priest appears unharmed.
The orc priest is almost dead.
Casting: Flame Tongue (safe; 22% risk of failure)
Confirm with . or Enter, or press ? or * to list all spells.
Aiming: Flame Tongue (safe; 22% risk of failure)
Press: ? - help, Shift-Dir - straight line, f/p - orc priest
Aim: an orc priest, wielding a +0 short sword and wearing a +0 scale mail (almost dead)
You miscast Flame Tongue.
You are very lightly contaminated with residual magic.
Nothing appears to happen.
The orc priest closely misses you.
Your shield prevents you from hitting the orc priest.
The orc priest is almost dead.
The orc priest mumbles some strange prayers to Beogh against you.
Beogh smites you!
* * * LOW HITPOINT WARNING * * *
Your body deteriorates!
You feel weakened.
Casting: Flame Tongue (safe; 22% risk of failure)
Confirm with . or Enter, or press ? or * to list all spells.
Aiming: Flame Tongue (safe; 22% risk of failure)
Press: ? - help, Shift-Dir - straight line, f/p - orc priest
Aim: an orc priest, wielding a +0 short sword and wearing a +0 scale mail (almost dead)
You miscast Flame Tongue.
Nothing appears to happen.
The orc priest barely misses you.
You hit the orc priest but do no damage.
The orc priest is almost dead.
The orc priest calls down the wrath of Beogh upon you.
Beogh smites you!
You die...

#.# #..######..#
#.# #..######!.#
#.. #..........###
#. ##.#######....
#.# #.... #.# #....
#.# #....
#######.## #.#.#
#.@......# ##...
#o#####..######....
#W #.....).....# #o
##.######[..# #{
#.# #.... .. #.#
#..#. .(
#.######.... ..
#...........
########....


You could see a hungry ghost, an orc priest and an orc.

Vanquished Creatures
  An orc priest (D:3)
  Terence (D:3)
  A hound skeleton (D:3)
  Robin (D:3)
  An adder (D:3)
  3 worms
  4 dart slugs
  2 leopard geckos
  6 orcs (D:3)
  3 giant cockroaches
  11 goblins
  7 hobgoblins
  3 quokkas
  3 bats
  A frilled lizard (D:2)
  2 kobolds
  2 rats
52 creatures vanquished.

Vanquished Creatures (others)
  A wizard (D:3)
1 creature vanquished.

Grand Total: 53 creatures vanquished

Notes
Turn   | Place    | Note
-------+----------+-------------------------------------------
     0 | D:1      | MisterOstroum the Skeleton Reaver began the quest for the
                  | Orb.
     0 | D:1      | Reached XP level 1. HP: 14/14 MP: 4/4
   410 | D:1      | Reached XP level 2. HP: 15/19 MP: 4/6
  1723 | D:2      | Reached XP level 3. HP: 24/24 MP: 7/7
  2102 | D:3      | Found a corrupted altar of Lugonu.
  2232 | D:3      | Reached skill level 1 in Shields
  2232 | D:3      | Reached XP level 4. HP: 9/29 MP: 2/8
  2519 | D:3      | Noticed Terence
  2531 | D:3      | Killed Terence
  2562 | D:3      | Reached * piety under Vehumet
  2562 | D:3      | Offered knowledge of Flame Tongue by Vehumet.
  2565 | D:3      | Learned a level 1 spell: Flame Tongue
  2586 | D:3      | Noticed Robin
  2616 | D:3      | Killed Robin
  2616 | D:3      | Reached XP level 5. HP: 30/34 MP: 0/9
  2775 | D:3      | Found a bloodstained altar of Trog.
  2776 | D:3      | Noticed a wizard
  2782 | D:3      | Killed a wizard
  2958 | D:3      | Reached skill level 1 in Conjurations
  3100 | D:3      | Noticed a hungry ghost
  3113 | D:3      | Killed from afar by an orc priest

Skill      XL: |  1  2  3  4  5 |
---------------+----------------+-----
Polearms       | 4 |  4.8
Fighting       | 4 |  4.4
Shields        | 1 2 3 |  3.0
Conjurations   | 1 |  1.0
Dodging        | |  3.0
Spellcasting   | |  3.0

Action                   |  1- 3 |  4- 6 || total
-------------------------+-------+-------++-------
Melee: Trident           |    40 |    88 ||   128
       Spear             |    85 |       ||    85
       Dagger            |       |     2 ||     2
Throw: Stone             |    49 |    18 ||    67
 Cast: Flame Tongue      |       |    18 ||    18
Armor: Steam dragon scal |    14 |    30 ||    44
Dodge: Dodged            |    46 |    42 ||    88
Block: Buckler           |       |    13 ||    13
